[Event "Titled Tuesday Blitz May 16 Late 2023"]
[White "Alexikov, Alexander"]
[Black "Winkels, Marcel"]
[WhiteFideId "14103958"]
[BlackFideId "1003887"]
[WhiteElo "2186"]
[BlackElo "1900"]
[Result "1-0"]
[Round "07"]
[TimeControl "180+2"]
[Date "2023.05.16"]
[WhiteClock "0:00:46"]
[BlackClock "0:00:00"]

1. e4 Nf6 2. e5 Nd5 3. d4 d6 4. Nf3 dxe5 5. Nxe5 g6 6. Bc4 c6 7. c3 Bg7 8. Qe2 O-O 9. Nd2 Nd7 10. Ndf3 N7b6 11. Bb3 a5 12. a4 Bf5 13. O-O Nd7 14. Nd3 Re8 15. Re1 Qb6 16. Bc4 Bg4 17. h3 Bxf3 18. Qxf3 e5 19. dxe5 Nxe5 20. Nxe5 Rxe5 21. Rxe5 Bxe5 22. Bxd5 cxd5 23. Qxd5 Bg7 24. Qb5 Qxb5 25. axb5 b6 26. Be3 Rb8 27. Rd1 Bf8 28. Rd7 Bc5 29. Bxc5 bxc5 30. c4 Re8 31. Rc7 Re1+ 32. Kh2 Re2 33. b3 Rb2 34. Rxc5 Rxb3 35. Rc6 a4 36. Ra6 a3 37. f3 Kg7 38. Kg3 Kf8 39. Kf4 Ke7 40. h4 Rc3 41. Ra4 a2 42. Rxa2 Rxc4+ 43. Ke3 Rb4 44. Ra5 Kd6 45. g4 Kc5 46. Ra7 Rxb5 47. Rxf7 Rb3+ 48. Kf4 Rb4+ 49. Kg5 Kd5 50. Rxh7 Rb3 51. Rf7 Ke6 52. Rf6+ Ke7 53. Kxg6 1-0


[Site "https://www.chess.com"]

[Event "Titled Tuesday Blitz May 16 Late 2023"]
[White "Einarsson, Halldor Gretar"]
[Black "KSho99"]
[WhiteFideId "2300150"]
[WhiteElo "2110"]
[BlackElo "2151"]
[Result "0-1"]
[Round "07"]
[TimeControl "180+2"]
[Date "2023.05.16"]
[WhiteClock "0:00:00"]
[BlackClock "0:00:13"]

1. d4 d5 2. Nf3 Nf6 3. g3 e6 4. c4 dxc4 5. Bg2 c5 6. O-O Nc6 7. dxc5 Qxd1 8. Rxd1 Bxc5 9. Nbd2 c3 10. bxc3 O-O 11. Nb3 Be7 12. Bf4 Nd5 13. Bd2 Nb6 14. Nfd4 Bd7 15. Nxc6 Bxc6 16. Bxc6 bxc6 17. Na5 Rac8 18. Bf4 Bf6 19. Rac1 Nd5 20. Bd2 Rfd8 21. Nb7 Nxc3 22. Nxd8 Nxe2+ 23. Kf1 Nxc1 24. Rxc1 Bxd8 25. Rc4 Bb6 26. Ke2 f6 27. f4 Kf7 28. h4 Ke7 29. g4 Kd6 30. Ra4 c5 31. Kd3 Kd5 32. g5 c4+ 33. Kc2 Bd4 34. Ra6 fxg5 35. hxg5 h5 36. Bb4 Rc6 37. Ra5+ Bc5 38. Bxc5 Rxc5 39. Rxa7 Ke4 0-1


[Site "https://www.chess.com"]

[Event "Titled Tuesday Blitz May 16 Late 2023"]
[White "Lopez Perdomo, Juan David"]
[Black "De Souza, Cristiano Gomes"]
[WhiteFideId "4405137"]
[BlackFideId "2151758"]
[WhiteElo "1965"]
[BlackElo "2068"]
[Result "0-1"]
[Round "07"]
[TimeControl "180+2"]
[Date "2023.05.16"]
[WhiteClock "0:00:00"]
[BlackClock "0:01:38"]

1. d4 Nf6 2. c4 g6 3. Nc3 Bg7 4. e4 d6 5. f4 O-O 6. Nf3 e5 7. fxe5 dxe5 8. Nxe5 c5 9. Bg5 cxd4 10. Nd5 h6 11. Bxf6 Bxf6 12. Nf3 Re8 13. Bd3 Nc6 14. O-O Bg7 15. Qd2 Be6 16. Rae1 a5 17. a3 Kh7 18. Bc2 Qd6 19. Ba4 Rad8 20. Bc2 Ne5 21. Qxa5 Nxc4 22. Qb5 Bxd5 23. exd5 Rxe1 24. Nxe1 Ne3 0-1


[Site "https://www.chess.com"]

[Event "Titled Tuesday Blitz May 16 Late 2023"]
[White "Torres Dominguez, David"]
[Black "Smiechu"]
[WhiteFideId "2220857"]
[WhiteElo "1999"]
[BlackElo "2273"]
[Result "1-0"]
[Round "07"]
[TimeControl "180+2"]
[Date "2023.05.16"]
[WhiteClock "0:01:07"]
[BlackClock "0:00:58"]

1. e4 c5 2. Nc3 g6 3. d4 cxd4 4. Qxd4 Nf6 5. Bf4 Nc6 6. Qd2 d6 7. O-O-O Bg7 8. Bh6 O-O 9. h4 Bxh6 10. Qxh6 Ng4 11. Qd2 h5 12. f3 Nge5 13. g4 hxg4 14. h5 g5 15. Qxg5+ Kh7 16. f4 Rg8 17. Qh4 Nf3 18. Nxf3 gxf3 19. Bd3 e5 20. Qf2 Nd4 21. Nd5 Rg2 22. Qe3 Be6 23. c3 Qa5 24. Kb1 Nf5 25. Qxf3 Rg3 26. Qf2 Bxd5 27. exd5 Rxd3 28. Rxd3 e4 29. Rdd1 e3 30. Qc2 e2 31. Qxf5+ Kh8 32. Qf6+ Kh7 33. Rdg1 Rg8 34. Qxf7+ Kh6 35. Rg6+ Rxg6 36. Qxg6# 1-0


[Site "https://www.chess.com"]

[Event "Titled Tuesday Blitz May 16 Late 2023"]
[White "Stead, Kerry"]
[Black "Xavier_mompel"]
[WhiteFideId "3202577"]
[WhiteElo "1997"]
[BlackElo "2232"]
[Result "0-1"]
[Round "07"]
[TimeControl "180+2"]
[Date "2023.05.16"]
[WhiteClock "0:00:00"]
[BlackClock "0:01:58"]

1. d4 d5 2. e4 dxe4 3. Nc3 Nf6 4. f3 exf3 5. Nxf3 e6 6. Bg5 Nbd7 7. Bd3 Be7 8. O-O O-O 9. Qe1 h6 10. Bxf6 Nxf6 11. Ne4 Nxe4 0-1


[Site "https://www.chess.com"]

[Event "Titled Tuesday Blitz May 16 Late 2023"]
[White "Sanchez, Robert"]
[Black "teresin05"]
[WhiteFideId "2034360"]
[WhiteElo "1861"]
[BlackElo "2192"]
[Result "0-1"]
[Round "07"]
[TimeControl "180+2"]
[Date "2023.05.16"]
[WhiteClock "0:00:06"]
[BlackClock "0:00:03"]

1. e4 c5 2. Nf3 Nc6 3. d4 cxd4 4. Nxd4 Nf6 5. Nc3 d6 6. f3 e6 7. Be3 Be7 8. Qd2 O-O 9. O-O-O a6 10. g4 Nxd4 11. Bxd4 Nd7 12. h4 b5 13. Kb1 b4 14. Ne2 a5 15. g5 Bb7 16. Ng3 Qc7 17. Bd3 Ne5 18. f4 Nc4 19. Bxc4 Qxc4 20. Rhe1 Rfc8 21. Nh5 Bf8 22. f5 e5 23. Bf2 d5 24. b3 Qc7 25. exd5 Bxd5 26. g6 Bf3 27. gxf7+ Qxf7 28. Ng3 Bxd1 29. Rxd1 a4 30. Ne4 axb3 31. cxb3 Qxf5 32. Qd3 Rd8 33. Qc4+ Kh8 34. Rg1 Rac8 35. Qe2 Be7 36. Bb6 Rf8 37. Kb2 Bxh4 38. Rh1 Be7 39. Ng3 Qe6 40. Qe4 h6 41. Be3 Bf6 42. Bxh6 Kg8 43. Bd2 Qc6 44. Qh7+ Kf7 45. Rc1 0-1


[Site "https://www.chess.com"]

[Event "Titled Tuesday Blitz May 16 Late 2023"]
[White "Manu_ChessExcelsior"]
[Black "Dmitriev, Sergey"]
[BlackFideId "14101785"]
[WhiteElo "2050"]
[BlackElo "2132"]
[Result "1-0"]
[Round "07"]
[TimeControl "180+2"]
[Date "2023.05.16"]
[WhiteClock "0:00:01"]
[BlackClock "0:00:12"]

1. e4 e5 2. Nf3 Nc6 3. Bc4 Bc5 4. b4 Bb6 5. d4 Bxd4 6. Nxd4 Nxd4 7. O-O d6 8. Bb2 Nc6 9. b5 Nce7 10. f4 Be6 11. Be2 f6 12. Nc3 exf4 13. Rxf4 Ng6 14. Rf1 N8e7 15. Nd5 O-O 16. Qd4 Ne5 17. Rad1 Nxd5 18. exd5 Bf7 19. c4 Qd7 20. Rc1 b6 21. Rc3 Rae8 22. Rg3 Ng6 23. Bd3 Qe7 24. h4 Qe5 25. Qf2 Qh5 26. Rf3 Qxh4 27. Qc2 Qg5 28. Rf5 Qg4 29. Qc3 Ne5 30. Bc2 Ng6 31. Rxf6 Re2 32. R6f2 Rxf2 33. Qxg7# 1-0


[Site "https://www.chess.com"]

[Event "Titled Tuesday Blitz May 16 Late 2023"]
[White "Talbi, Chafik"]
[Black "Howell, David W L"]
[WhiteFideId "7903715"]
[BlackFideId "410608"]
[WhiteElo "2186"]
[BlackElo "2567"]
[Result "0-1"]
[Round "07"]
[TimeControl "180+2"]
[Date "2023.05.16"]
[WhiteClock "0:01:17"]
[BlackClock "0:00:55"]

1. e4 c5 2. Nf3 d6 3. c3 Nf6 4. Bd3 Nc6 5. Bc2 Bg4 6. h3 Bxf3 7. Qxf3 g6 8. O-O Bg7 9. d3 O-O 10. a4 a6 11. Na3 Nd7 12. Bg5 Rb8 13. Nc4 b5 14. axb5 axb5 15. Ne3 b4 16. Nd5 bxc3 17. bxc3 Nb6 18. c4 Nxd5 19. exd5 Nd4 20. Qd1 Nxc2 21. Qxc2 Bxa1 22. Rxa1 Qd7 23. Qe2 Rb7 24. Re1 f6 25. Bh6 Rfb8 26. h4 Rb1 27. h5 Rxe1+ 28. Qxe1 Kf7 29. hxg6+ hxg6 30. Bf4 Rb3 31. Qd1 Ra3 32. g3 Qf5 33. d4 cxd4 34. Qxd4 Qd3 35. Qb6 Qxc4 36. Qb7 Ra1+ 37. Kg2 Qe4+ 38. f3 Qe2+ 39. Kh3 Rh1+ 40. Kg4 f5+ 41. Kg5 Rh5# 0-1


[Site "https://www.chess.com"]

[Event "Titled Tuesday Blitz May 16 Late 2023"]
[White "Kowalysko, Roman"]
[Black "Barria Santos, Jose Guilherme"]
[WhiteFideId "30918510"]
[BlackFideId "1939300"]
[WhiteElo "2173"]
[BlackElo "2266"]
[Result "1-0"]
[Round "07"]
[TimeControl "180+2"]
[Date "2023.05.16"]
[WhiteClock "0:00:57"]
[BlackClock "0:01:22"]

1. e4 c6 2. Nf3 d5 3. exd5 cxd5 4. Ne5 Nc6 5. d4 Nxe5 6. dxe5 Bf5 7. Qf3 Qd7 8. Nc3 a6 9. Nxd5 Rd8 10. Nb6 Qd4 11. c3 Qxe5+ 12. Be3 Nf6 13. Qxb7 Be4 14. Qxa6 Bc6 15. Nc4 Qd5 16. Na5 Bd7 17. Rd1 Qc5 18. Bxc5 1-0


[Site "https://www.chess.com"]

[Event "Titled Tuesday Blitz May 16 Late 2023"]
[White "Tarnowska, Aleksandra"]
[Black "Manon-og, Ramon Jr."]
[WhiteFideId "1180967"]
[BlackFideId "5200776"]
[WhiteElo "1776"]
[BlackElo "2330"]
[Result "1-0"]
[Round "07"]
[TimeControl "180+2"]
[Date "2023.05.16"]
[WhiteClock "0:00:10"]
[BlackClock "0:00:00"]

1. e4 e5 2. Nf3 Nc6 3. Bb5 a6 4. Ba4 b5 5. Bb3 Bc5 6. O-O Nf6 7. c3 O-O 8. d4 exd4 9. cxd4 Bb6 10. d5 Na5 11. Bc2 d6 12. Bg5 h6 13. Bh4 Bg4 14. Nbd2 Nb7 15. h3 Bh5 16. Re1 Re8 17. Nf1 Qe7 18. Ng3 Bg6 19. Nf5 Bxf5 20. exf5 Qd7 21. Bxf6 gxf6 22. Qd2 Kh7 23. Nh2 h5 24. Qf4 Rg8 25. Qh4 Rg5 26. Ng4 Bd4 27. Rad1 Bxb2 28. f4 Rxf5 29. Bxf5+ Qxf5 30. Re7 1-0


[Site "https://www.chess.com"]

[Event "Titled Tuesday Blitz May 16 Late 2023"]
[White "Powell, Paul"]
[Black "Osmonbekov, Talaibek"]
[WhiteFideId "2005840"]
[BlackFideId "2017253"]
[WhiteElo "2081"]
[BlackElo "2135"]
[Result "1-0"]
[Round "07"]
[TimeControl "180+2"]
[Date "2023.05.16"]
[WhiteClock "0:00:17"]
[BlackClock "0:00:00"]

1. d4 e6 2. Nf3 f5 3. Bf4 Nf6 4. e3 g6 5. Be2 Bg7 6. O-O O-O 7. h3 d6 8. c4 Nc6 9. Nc3 Qe7 10. Rc1 h6 11. a3 Nd8 12. b4 Nf7 13. Qc2 e5 14. Bh2 g5 15. c5 Bd7 16. cxd6 cxd6 17. Nb5 a6 18. Nc7 Rac8 19. Qb3 e4 20. Nd2 Ba4 21. Qxa4 Rxc7 22. b5 axb5 23. Qxb5 Rfc8 24. Rxc7 Qxc7 25. Nc4 Bf8 26. Rb1 f4 27. exf4 gxf4 28. Bxf4 Qc6 29. Qxb7 d5 30. Qxc6 Rxc6 31. Ne5 Rc2 32. Bd1 Ra2 33. a4 Nd6 34. Bb3 Re2 35. Ng4 Nxg4 36. Bxd5+ Kg7 37. hxg4 Ne8 38. Rb7+ Kh8 39. Be5+ Bg7 40. Rb8 Re1+ 41. Kh2 Bxe5+ 42. dxe5 e3 43. Rxe8+ Kg7 44. fxe3 Rxe3 45. e6 Rd3 46. Bc6 Rd6 47. Bd7 Kf6 48. Rf8+ Ke7 49. Rf7+ Kd8 50. Rh7 1-0


[Site "https://www.chess.com"]

[Event "Titled Tuesday Blitz May 16 Late 2023"]
[White "Bluebaum, Matthias"]
[Black "Bortnyk, Olexandr"]
[WhiteFideId "24651516"]
[BlackFideId "14120828"]
[WhiteElo "2639"]
[BlackElo "2734"]
[Result "1/2-1/2"]
[Round "08"]
[TimeControl "180+2"]
[Date "2023.05.16"]
[WhiteClock "0:00:17"]
[BlackClock "0:00:13"]

1. d4 d6 2. Nf3 Nf6 3. c4 g6 4. Nc3 Bg7 5. e4 O-O 6. Be2 Nbd7 7. O-O e5 8. Be3 Qe7 9. Qc2 c6 10. Rad1 Re8 11. d5 c5 12. Ne1 Rf8 13. g3 Ne8 14. Ng2 Ndf6 15. f3 Bh3 16. a3 b6 17. b4 Nd7 18. Rf2 f5 19. exf5 gxf5 20. Bd3 Kh8 21. Re1 Qf7 22. Kh1 Qh5 23. Bd2 cxb4 24. axb4 a5 25. bxa5 Rxa5 26. Be2 Qf7 27. Nb5 Ra8 28. f4 Bxg2+ 29. Rxg2 e4 30. g4 Nc5 31. Be3 fxg4 32. Rxg4 Qf5 33. Reg1 Bf6 34. Nd4 Qd7 35. Nb5 Ra1 36. Rxa1 Bxa1 37. Qd1 Bf6 38. Nd4 Ng7 39. Qg1 Nf5 40. Nxf5 Qxf5 41. Rg3 Ra8 42. Bg4 Qg6 43. Be6 Ra1 44. Rxg6 hxg6 45. Bc1 Nd3 46. Be3 Rxg1+ 47. Kxg1 Nc5 48. Kg2 Kg7 49. f5 g5 50. Bxc5 bxc5 51. Kf2 Bd4+ 52. Kg3 Kf6 53. Kg4 Bf2 54. Bd7 Be1 55. Bb5 Bc3 56. Ba4 Be5 57. Bc2 e3 58. Kf3 Bf4 59. h3 Ke5 60. Bd3 Kf6 61. Be2 Kxf5 62. Bd3+ Ke5 63. Be2 Kd4 64. h4 Ke5 65. hxg5 Bxg5 66. Bd3 Kd4 67. Be2 Kc3 68. Bf1 Kd2 69. Be2 Ke1 70. Bd3 Bh6 71. Be2 Kd2 72. Bf1 Bg7 73. Be2 Bd4 74. Bf1 Bc3 75. Be2 Bb2 76. Bf1 Bc1 77. Be2 Ke1 78. Bd3 Kd1 79. Be2+ Kc2 80. Bf1 Kc3 81. Be2 Kd4 82. Bf1 Bd2 83. Be2 Ke5 84. Bf1 Kd4 85. Be2 Bc1 86. Bf1 Bd2 1/2-1/2


[Site "https://www.chess.com"]

[Event "Titled Tuesday Blitz May 16 Late 2023"]
[White "Caruana, Fabiano"]
[Black "Antipov, Mikhail Al."]
[WhiteFideId "2020009"]
[BlackFideId "4107012"]
[WhiteElo "2837"]
[BlackElo "2513"]
[Result "1-0"]
[Round "08"]
[TimeControl "180+2"]
[Date "2023.05.16"]
[WhiteClock "0:00:08"]
[BlackClock "0:00:03"]

1. e4 c5 2. Nf3 e6 3. d4 cxd4 4. Nxd4 a6 5. Bd3 Qc7 6. O-O b6 7. c4 Bb7 8. Nc3 Nf6 9. Qe2 h5 10. Kh1 Bc5 11. Nb3 Be7 12. f4 d6 13. Be3 Nbd7 14. Rac1 Rc8 15. Nd2 Qb8 16. b3 g6 17. Bg1 h4 18. h3 Nh5 19. Bh2 Ng3+ 20. Bxg3 hxg3 21. Nf3 Bf6 22. Qe1 Qa8 23. Bb1 Rh5 24. Qxg3 b5 25. Rfe1 Ke7 26. Nd5+ exd5 27. exd5+ Kf8 28. Bxg6 Rh6 29. Bf5 Rd8 30. Ng5 Nc5 31. Re2 bxc4 32. bxc4 Bc8 33. Bc2 Bd7 34. Rce1 Qb8 35. Nh7+ Rxh7 36. Bxh7 Bg7 37. Qg5 f6 38. Qh5 Re8 39. Bg6 Rxe2 40. Qxe2 Qd8 41. Qh5 Qa5 42. Re2 Qc3 43. Bf5 Qc1+ 44. Kh2 Qxf4+ 45. Kg1 Qxf5 46. Re8+ Bxe8 47. Qxf5 Bd7 48. Qf4 Ke7 49. h4 f5 50. Qe3+ Kf7 51. h5 Be5 52. Qh6 Ne4 53. Qg6+ Ke7 54. h6 Bd4+ 55. Kf1 Be8 56. Qg8 Bf7 57. Qc8 Bg6 58. h7 Bxh7 59. Qc7+ Kf6 60. Qxh7 Ke5 61. Qg7+ Nf6 62. Qe7+ Kf4 63. Qxd6+ Ke4 64. Qe6+ Kd3 65. d6 Ng4 66. g3 Ne3+ 67. Kg1 Nxc4+ 68. Kg2 Ne3+ 69. Kh3 Nc4 70. d7 1-0


[Site "https://www.chess.com"]

[Event "Titled Tuesday Blitz May 16 Late 2023"]
[White "Ibarra Jerez, Jose Carlos"]
[Black "Deac, Bogdan-Daniel"]
[WhiteFideId "2226332"]
[BlackFideId "1226380"]
[WhiteElo "2638"]
[BlackElo "2649"]
[Result "1/2-1/2"]
[Round "08"]
[TimeControl "180+2"]
[Date "2023.05.16"]
[WhiteClock "0:00:35"]
[BlackClock "0:00:06"]

1. e4 c6 2. Nf3 d5 3. d3 Nd7 4. g3 dxe4 5. dxe4 e5 6. Bg2 Ngf6 7. Qe2 Bc5 8. O-O O-O 9. a4 a5 10. Nbd2 b6 11. Nc4 Ba6 12. b3 Qc7 13. h3 Rfe8 14. Rd1 Nf8 15. Bb2 Ng6 16. Bf1 h6 17. Qe1 Bb7 18. Bg2 Re6 19. Bc3 Rae8 20. Rd2 Ba6 21. Bf1 Bc8 22. Rad1 Nh5 23. Kh2 Nf6 24. Bg2 Ba6 25. Bf1 Bc8 26. Bg2 Kh7 27. Kg1 Ba6 28. Bf1 Bc8 29. Bg2 Ba6 30. Bf1 Bc8 31. Kh2 Kh8 32. Kg1 Kg8 33. Kh2 Kh7 34. Kg1 Kg8 35. Kh2 Kh7 36. Kg1 Kh8 37. Kh2 Kg8 1/2-1/2


[Site "https://www.chess.com"]

[Event "Titled Tuesday Blitz May 16 Late 2023"]
[White "Xiong, Jeffery"]
[Black "Andreikin, Dmitry"]
[WhiteFideId "2047640"]
[BlackFideId "4158814"]
[WhiteElo "2726"]
[BlackElo "2736"]
[Result "0-1"]
[Round "08"]
[TimeControl "180+2"]
[Date "2023.05.16"]
[WhiteClock "0:00:41"]
[BlackClock "0:00:08"]

1. d4 g6 2. e4 Bg7 3. Nf3 d6 4. Be3 Nf6 5. Nc3 a6 6. Qd2 b5 7. Bd3 Bb7 8. Bh6 Bxh6 9. Qxh6 Nbd7 10. O-O-O b4 11. Nd5 Nxd5 12. exd5 Bxd5 13. Qg7 Rf8 14. Ng5 Nf6 15. Rhe1 e6 16. f3 Qe7 17. h4 Rg8 18. Qh6 Qf8 19. Qxf8+ Kxf8 20. Ne4 Kg7 21. Nxf6 Kxf6 22. Kd2 a5 23. a3 Rab8 24. Ra1 bxa3 25. b3 g5 26. hxg5+ Rxg5 27. g4 Rb4 28. Kc3 c5 29. dxc5 dxc5 30. Rxa3 Bxf3 31. Rf1 Rf4 32. Bxh7 e5 33. Rxa5 Bxg4 34. Re1 Bf5 35. Bxf5 Kxf5 36. Rxc5 f6 37. b4 Rg3+ 38. Kd2 Rd4+ 39. Kc1 Rxb4 40. Rc6 Rf4 41. Rh1 Rgf3 42. Rh8 Ke4 43. Rd8 Ke3 44. Rc7 e4 45. Rh8 f5 46. Rh2 Rf1+ 47. Kb2 R1f2 48. Rc3+ Ke2 49. Rh5 e3 50. Rc5 R4f3 51. c4 Kd3+ 52. Kb3 e2 53. Rd5+ Ke4+ 0-1


[Site "https://www.chess.com"]

[Event "Titled Tuesday Blitz May 16 Late 2023"]
[White "Iturrizaga Bonelli, Eduardo"]
[Black "Sarana, Alexey"]
[WhiteFideId "3901211"]
[BlackFideId "24133795"]
[WhiteElo "2637"]
[BlackElo "2714"]
[Result "0-1"]
[Round "08"]
[TimeControl "180+2"]
[Date "2023.05.16"]
[WhiteClock "0:00:00"]
[BlackClock "0:00:02"]

1. c4 e6 2. Nf3 d5 3. d4 Nf6 4. g3 Bb4+ 5. Bd2 Be7 6. Bg2 c6 7. O-O b6 8. Qc2 Ba6 9. b3 O-O 10. Rd1 Nbd7 11. Nc3 Rc8 12. a4 dxc4 13. bxc4 Bxc4 14. Ne5 Nxe5 15. dxe5 Nd5 16. Ne4 Bxe2 17. Re1 Ba6 18. a5 c5 19. axb6 Qxb6 20. Reb1 Nb4 21. Qc3 Rfd8 22. h4 Bd3 23. Rb2 a5 24. Qa3 Rd4 25. Nd6 Bxd6 26. exd6 Qxd6 27. Qxa5 h6 28. Be3 Rc4 29. Rd1 e5 30. Bh3 Rb8 31. Qa7 Rd8 32. Bf1 e4 33. Bxc5 Rxc5 34. Rxb4 Rd5 35. Rb7 Bxf1 36. Rxf7 Qe5 37. Rxf1 e3 38. Kh2 e2 39. Re1 Qc3 0-1


[Site "https://www.chess.com"]

[Event "Titled Tuesday Blitz May 16 Late 2023"]
[White "Makarian, Rudik"]
[Black "Schmakel, Sam"]
[WhiteFideId "44105681"]
[BlackFideId "2039311"]
[WhiteElo "2461"]
[BlackElo "2356"]
[Result "1-0"]
[Round "08"]
[TimeControl "180+2"]
[Date "2023.05.16"]
[WhiteClock "0:00:28"]
[BlackClock "0:00:00"]

1. d4 d5 2. c4 e6 3. Nf3 c6 4. b3 Nf6 5. g3 Bb4+ 6. Nbd2 Ne4 7. Bg2 Nd7 8. O-O f5 9. a3 Bd6 10. Qc2 O-O 11. Bb2 Qe7 12. e3 b6 13. Rfc1 Bb7 14. b4 c5 15. cxd5 exd5 16. dxc5 bxc5 17. bxc5 Ndxc5 18. Nd4 Ba6 19. Nc6 Qf7 20. Nb4 Bb7 21. Nd3 Rac8 22. Nxc5 Bxc5 23. Qd1 f4 24. Nxe4 fxe3 25. Nxc5 exf2+ 26. Kh1 Rxc5 27. Rxc5 d4 28. Qf1 d3 29. h3 Bxg2+ 30. Kxg2 Qf3+ 31. Kh2 Qe2 32. Bd4 h6 33. Rc7 g5 34. Rg7+ 1-0


[Site "https://www.chess.com"]

[Event "Titled Tuesday Blitz May 16 Late 2023"]
[White "Hakobyan, Aram"]
[Black "Alex_Sahakyan2006"]
[WhiteFideId "13306677"]
[WhiteElo "2584"]
[BlackElo "2716"]
[Result "1-0"]
[Round "08"]
[TimeControl "180+2"]
[Date "2023.05.16"]
[WhiteClock "0:00:21"]
[BlackClock "0:00:00"]

1. d4 Nf6 2. c4 c5 3. d5 b5 4. Qc2 b4 5. e4 d6 6. Bd3 g6 7. Ne2 Bg7 8. O-O O-O 9. Nd2 a5 10. a4 bxa3 11. Rxa3 Na6 12. Qd1 Nb4 13. Bb1 Nd7 14. Nc3 Ne5 15. Qe2 Ba6 16. f4 Nd7 17. Kh1 e6 18. dxe6 fxe6 19. Qg4 Qe7 20. Rxa5 Nb8 21. Ra3 N8c6 22. Nb5 Bxb5 23. cxb5 Nd4 24. Rxa8 Rxa8 25. b6 Rf8 26. Nf3 Ndc6 27. Ng5 Nd4 28. Be3 h6 29. Bxd4 hxg5 30. Bxg7 Kxg7 31. f5 exf5 32. exf5 Nd5 33. Qg3 gxf5 34. b7 g4 35. Bxf5 Ne3 36. Re1 Qxb7 37. Rxe3 Rxf5 38. Qxg4+ Kf6 39. Qh4+ 1-0


[Site "https://www.chess.com"]

[Event "Titled Tuesday Blitz May 16 Late 2023"]
[White "Mihajlov, Sebastian"]
[Black "Durarbayli, Vasif"]
[WhiteFideId "1512110"]
[BlackFideId "13402935"]
[WhiteElo "2478"]
[BlackElo "2551"]
[Result "1-0"]
[Round "08"]
[TimeControl "180+2"]
[Date "2023.05.16"]
[WhiteClock "0:00:04"]
[BlackClock "0:00:00"]

1. e4 c5 2. Nf3 d6 3. d4 cxd4 4. Nxd4 Nf6 5. Nc3 Nc6 6. Bg5 Qb6 7. Nb3 e6 8. Qd2 a6 9. a4 Be7 10. Be3 Qb4 11. f3 Bd7 12. a5 Ne5 13. Qd4 Qxd4 14. Bxd4 Rc8 15. Bd3 g5 16. Na4 Nxd3+ 17. cxd3 Rc2 18. O-O Bb5 19. Rfd1 O-O 20. Bc3 e5 21. Nb6 g4 22. f4 Nh5 23. fxe5 Nf4 24. Nd4 Rxg2+ 25. Kh1 g3 26. hxg3 Rxg3 27. Rg1 Rg6 28. Nf5 Bg5 29. exd6 f6 30. Ne7+ Kf7 31. Nxg6 hxg6 32. Rxg5 fxg5 33. d4 Be2 34. e5 Rh8+ 35. Kg1 Bf3 36. Kf2 g4 37. d7 Ke7 38. Bb4+ Kd8 39. Bd6 Rh2+ 40. Kg3 Rh5 41. Kxf4 g5+ 42. Ke3 Rh3 43. Kd2 g3 44. e6 Rh2+ 45. Kc3 1-0


[Site "https://www.chess.com"]

[Event "Titled Tuesday Blitz May 16 Late 2023"]
[White "Mekhitarian, Krikor Sevag"]
[Black "Zhigalko, Sergei"]
[WhiteFideId "2107660"]
[BlackFideId "13502956"]
[WhiteElo "2604"]
[BlackElo "2626"]
[Result "0-1"]
[Round "08"]
[TimeControl "180+2"]
[Date "2023.05.16"]
[WhiteClock "0:00:00"]
[BlackClock "0:00:01"]

1. Nf3 d5 2. c4 d4 3. b4 Bg4 4. g3 Bxf3 5. exf3 e5 6. Bg2 Nd7 7. f4 exf4 8. b5 Nc5 9. O-O Nf6 10. Ba3 Nfd7 11. Qg4 Qe7 12. Bxb7 Rb8 13. Bc6 Qe6 14. Qxf4 Bd6 15. Qxd4 O-O 16. Nc3 Rbd8 17. Rae1 Qf5 18. Bg2 Ne6 19. Qxa7 Bxa3 20. Qxa3 Nb6 21. Nd5 Nxc4 22. Ne7+ Kh8 23. Nxf5 Nxa3 24. Re2 g6 25. Ne3 Nd4 26. Ree1 Naxb5 27. Rc1 Ne2+ 28. Kh1 Nxc1 29. Rxc1 Rxd2 30. a4 Nd4 31. Rxc7 Rxf2 32. h4 Ra2 33. Rc4 Nf5 34. Nxf5 gxf5 35. Bc6 Rd8 36. Rc1 Rc8 37. Rc4 Kg7 38. Kg1 Kf6 39. Kf1 Rb2 40. Rc1 Rb6 0-1


[Site "https://www.chess.com"]

[Event "Titled Tuesday Blitz May 16 Late 2023"]
[White "Rustemov, Alexander"]
[Black "Sviridov, Valery"]
[WhiteFideId "4119002"]
[BlackFideId "4120680"]
[WhiteElo "2978"]
[BlackElo "2457"]
[Result "0-1"]
[Round "08"]
[TimeControl "180+2"]
[Date "2023.05.16"]
[WhiteClock "0:00:00"]
[BlackClock "0:00:56"]

1. d4 Nf6 2. c4 e5 3. dxe5 Ng4 4. e3 Nxe5 5. Nh3 g6 6. Nf4 Bg7 7. Be2 O-O 8. O-O d6 9. Nc3 Na6 10. Qd2 Nc5 11. b3 a5 12. Ba3 Bf5 13. Rac1 Ne4 14. Nxe4 Bxe4 15. Rfd1 Qg5 16. Kh1 Qh4 17. f3 Bc6 18. Nd5 Qd8 19. c5 dxc5 20. Bxc5 Re8 21. Ne7+ Kh8 22. Qxd8 Rexd8 23. Nxc6 Nxc6 24. Rxd8+ Rxd8 25. Rd1 Rxd1+ 26. Bxd1 Nb4 27. a4 Nd3 28. Be7 Nf2+ 29. Kg1 Nxd1 30. e4 Be5 31. g3 Kg7 32. Kf1 Nc3 33. Kf2 Na2 34. Ke3 Bd6 35. Bd8 Nc1 36. f4 f6 37. g4 Nxb3 38. h4 Kf7 39. g5 fxg5 40. hxg5 Ke6 41. Bf6 Nc5 42. Ba1 Nxa4 43. Kf3 Nb6 44. Kg4 a4 45. f5+ gxf5+ 46. exf5+ Kf7 47. Kh5 Kg8 48. g6 hxg6+ 49. Kxg6 a3 50. f6 Nd7 51. f7+ Kf8 52. Bg7+ Ke7 53. Bh6 Ke6 54. Bg7 a2 0-1


[Site "https://www.chess.com"]

[Event "Titled Tuesday Blitz May 16 Late 2023"]
[White "Pichot, Alan"]
[Black "Samsonkin, Artiom"]
[WhiteFideId "110973"]
[BlackFideId "13503111"]
[WhiteElo "2573"]
[BlackElo "2524"]
[Result "0-1"]
[Round "08"]
[TimeControl "180+2"]
[Date "2023.05.16"]
[WhiteClock "0:00:15"]
[BlackClock "0:00:06"]

1. e4 e6 2. d4 d5 3. Nc3 dxe4 4. Nxe4 Bd7 5. Bd3 Bc6 6. c3 Nd7 7. Nf3 Ngf6 8. Nxf6+ gxf6 9. Bf4 Bd6 10. Bg3 f5 11. Bxd6 cxd6 12. Qe2 Qf6 13. O-O-O O-O-O 14. Rhe1 Rhg8 15. g3 Qh6+ 16. Kb1 Nf6 17. Nh4 Kb8 18. f3 f4 19. Qd2 Nh5 20. Be4 Bxe4+ 21. fxe4 Qf6 22. Rf1 Qg5 23. Nf3 Qg6 24. gxf4 Qxe4+ 25. Ka1 Qxf4 26. Qe2 Qg4 27. Qb5 a6 28. Qb4 Nf4 29. Nd2 Nd5 30. Qb3 Ne3 31. Nc4 Nxf1 32. Rxf1 Qg1 33. Rb1 Qg2 34. Na5 Qd5 35. Qa3 Rg5 36. b4 Rdg8 37. Qa4 Rg1 38. Nb3 Rxb1+ 39. Kxb1 Rg1+ 40. Kb2 Qb5 0-1


[Site "https://www.chess.com"]

[Event "Titled Tuesday Blitz May 16 Late 2023"]
[White "Sieciechowicz, Marcin"]
[Black "Grigoriants, Sergey"]
[WhiteFideId "1130170"]
[BlackFideId "4130804"]
[WhiteElo "2302"]
[BlackElo "2502"]
[Result "1/2-1/2"]
[Round "08"]
[TimeControl "180+2"]
[Date "2023.05.16"]
[WhiteClock "0:00:08"]
[BlackClock "0:00:05"]

1. d4 Nf6 2. c4 e6 3. Nc3 Bb4 4. Qc2 d5 5. cxd5 exd5 6. Bg5 h6 7. Bh4 g5 8. Bg3 Nc6 9. e3 h5 10. h3 Ne4 11. Bh2 Qe7 12. Bb5 Bd7 13. Rd1 O-O-O 14. Ne2 g4 15. a3 Bxc3+ 16. Nxc3 gxh3 17. gxh3 Nxc3 18. Qxc3 Rhg8 19. Bf4 Rg2 20. Bf1 Rg6 21. b4 Bf5 22. b5 Be4 23. Bd3 Nb8 24. Bxe4 dxe4 25. Rc1 c6 26. Qc5 Qxc5 27. Rxc5 Rd5 28. Rxd5 cxd5 29. Ke2 Nd7 30. Rc1+ Kd8 31. Rc7 Rb6 32. a4 a6 33. bxa6 bxa6 34. Ra7 Rc6 35. h4 Ke7 36. Kf1 Ke6 37. Kg2 f6 38. Kg3 Ke7 39. Bh6 Ke6 40. Bf4 Rb6 41. a5 Rc6 42. f3 exf3 43. Kxf3 Ke7 44. Bg3 Ke6 45. Be1 Nf8 46. Rb7 Ng6 47. Bg3 Ne7 48. Rb6 Kd7 49. Rb7+ Ke6 50. Bf4 Nf5 51. Rb6 Kd7 52. Rb7+ Kc8 53. Rb8+ Kd7 54. Rb7+ Ke6 55. Rb6 Kd7 56. Rb7+ 1/2-1/2


[Site "https://www.chess.com"]